AoeStats
← [NICE_ASS] BigMasi

Nomad

505078451Analyzed
3v3 RM · 25d ago on Sep 7, 2026· 53m 7s· 6 players
Game mode
Random Map
Map size
210×210
Population
200
Speed
Normal
Resources
Standard
Victory
Conquest
Starting age
Dark Age
Ending age
Imperial Age
RankedLock teamsTeams togetherTeam positionsShared explorationLock speedFull tech treeHidden civsTurbo modeCheats
Victory
Defeat
🇨🇭 Vikings · Switzerland
1274
+10
🇨🇭 Franks · Switzerland
1211
+12
🇨🇭 Italians · Switzerland
1140
+14
🇳🇱 Burgundians · Netherlands
1139
-13
🇪🇸 Mongols · Spain
1121
-12
🇺🇸 Ethiopians · United States
1102
-11
sergio_S10
7:59 Loom
14:31 Feudal Age
23:46 Castle Age
22:26 Fletching
22:36 Gold Mining
22:35 Double-Bit Axe
22:42 Horse Collar
23:50 Crossbowman
24:39 Thumb Ring
28:52 Padded Archer Armor
29:15 Bow Saw
29:11 Heavy Plow
30:16 Bodkin Arrow
31:00 Town Watch
31:50 Wheelbarrow
38:32 Imperial Age
36:44 Ballistics
36:57 Husbandry
37:07 Bloodlines
37:13 Forging
37:09 Scale Barding Armor
38:17 Hand Cart
40:16 Light Cavalry
42:28 Conscription
42:24 Arbalester
44:47 Leather Archer Armor
45:39 Bracer
48:15 Chemistry
48:09 Gold Shaft Mining
48:33 Iron Casting
53:47 Chain Barding Armor
Jersey_TitanX
4:40 Loom
15:01 Feudal Age
15:29 Town Watch
15:35 Double-Bit Axe
22:06 Castle Age
21:40 Fletching
21:51 Padded Archer Armor
22:43 Crossbowman
25:50 Scale Mail Armor
26:18 Forging
De Muijl
9:12 Double-Bit Axe
10:09 Fishing Lines
11:20 Loom
15:10 Feudal Age
15:46 Gillnets
16:09 Bow Saw
20:42 Castle Age
18:41 Horse Collar
19:28 Gold Mining
21:22 Scale Barding Armor
21:27 Forging
20:51 Cavalier
20:56 Cavalier
22:17 Gold Shaft Mining
22:22 Husbandry
22:55 Chain Barding Armor
23:33 Wheelbarrow
22:43 Town Watch
25:41 Fletching
26:26 Iron Casting
25:45 Fletching
29:52 Hand Cart
29:31 Stone Mining
30:51 Light Cavalry
33:11 Heavy Plow
37:37 Imperial Age
38:01 Paladin
39:32 Stone Shaft Mining
39:32 Conscription
39:30 Guilds
40:04 Masonry
40:55 Chemistry
40:38 Plate Barding Armor
41:03 Blast Furnace
40:25 Hussar
42:47 Hoardings
43:09 Architecture
44:49 Two-Man Saw
44:20 Crop Rotation
46:09 Hoardings
47:39 Ballistics
46:59 Treadmill Crane
47:16 Murder Holes
50:48 Elite Skirmisher
51:35 Padded Archer Armor
52:47 Bodkin Arrow
53:07 Leather Archer Armor
hanibalX
3:35 Loom
15:11 Feudal Age
18:10 Wheelbarrow
18:34 Double-Bit Axe
20:27 Fletching
23:22 Castle Age
21:24 Gold Mining
22:15 Padded Archer Armor
22:22 Fishing Lines
24:10 Bodkin Arrow
24:50 Gillnets
27:30 Ballistics
31:09 Thumb Ring
38:28 Masonry
39:26 Leather Archer Armor
39:28 Murder Holes
45:21 Imperial Age
43:03 Treadmill Crane
44:03 Bow Saw
45:00 Town Watch
45:31 Hand Cart
45:18 Elite Skirmisher
46:31 Conscription
46:17 Bracer
46:48 Ring Archer Armor
51:58 Chemistry
51:30 Architecture
52:10 Two-Man Saw
52:40 Elite Genoese Crossbowman
[NICE_ASS] BigMasi
5:09 Loom
15:15 Feudal Age
15:56 Double-Bit Axe
17:52 Fletching
20:30 Castle Age
21:21 Bodkin Arrow
21:51 Crossbowman
23:02 Town Watch
24:18 Squires
23:43 Pikeman
26:30 Padded Archer Armor
36:01 Imperial Age
35:58 Scale Mail Armor
35:40 Man-at-Arms
36:48 Leather Archer Armor
36:24 Gambesons
36:25 Arson
36:30 Gambesons
37:21 Chain Mail Armor
39:19 Forging
45:59 Fishing Lines
47:17 Plate Mail Armor
47:35 Conscription
51:01 Iron Casting
rapidraphi
10:40 Loom
13:38 Feudal Age
19:26 Castle Age
21:11 Wheelbarrow
20:32 Double-Bit Axe
20:55 Town Watch
42:39 Hand Cart
46:25 Imperial Age
44:50 Squires
45:54 Scale Mail Armor
45:25 Pikeman
46:26 Halberdier
47:17 Cavalier
47:58 Husbandry
49:46 Scale Barding Armor
49:51 Forging
50:57 Town Patrol
Connection lost

Rejoining the realm…

Still unreachable

The connection could not be restored.

Session expired

The server has moved on; the page needs a fresh start.